 Dungeon Crawl Stone Soup version 0.27-a0-1529-g1e82c303ef (webtiles) character file.

Game seed: 6592215636225627585

14289 Spaninq the Grappler (level 11, -3/113 HPs)
             Began as a Troll Chaos Knight on July 12, 2021.
             Was an Elder of Fedhas.
             Slain by a freezing wraith (5 damage)
             ... on level 9 of the Dungeon.
             The game lasted 00:25:17 (6837 turns).

Spaninq the Grappler (Troll Chaos Knight)           Turns: 6837, Time: 00:25:19

Health: -3/113     AC:  8    Str: 24      XL:     11   Next: 86%
Magic:  16/16      EV: 10    Int:  9 (10) God:    Fedhas [****..]
Gold:   377        SH:  0    Dex: 15      Spells: 10/10 levels left

rFire    . . .     SeeInvis +     - Unarmed
rCold    . . .     Faith    .   (no shield)
rNeg     + . .     Spirit   .   t - +2 robe of Erril {Dex+2}
rPois    .         Reflect  .   (helmet restricted)
rElec    .         Harm     .   j - +1 cloak
rCorr    .         Rampage  .   (gloves unavailable)
Will     .....                  (boots unavailable)
Stlth    +.........             (no amulet)
HPRegen  1.28/turn              c - ring of see invisible
MPRegen  0.15/turn              o - ring of Ylaocoeg {rN+ Will- Dex+5 Slay+3}

@: confused, ambrosia-drunk, unable to read, slowed, very slow
A: large, unfitting armour, claws 3, regeneration 1, shaggy fur 1, tough skin 1,
clever 1, clumsy 1, deterioration 1, screaming 2, inability to read while
threatened
a: Renounce Religion, Wall of Briars, Grow Ballistomycete, Overgrow


You were on level 9 of the Dungeon.
You worshipped Fedhas.
Fedhas was greatly pleased with you.
You visited 1 branch of the dungeon, and saw 9 of its levels.

You collected 525 gold pieces.
You spent 148 gold pieces at shops.

Inventory:

Missiles
 d - a throwing net (quivered)
Armour
 j - a +1 cloak (worn)
 t - the +2 robe of Erril (worn) {Dex+2}
   (You found it on level 7 of the Dungeon)

   Dex:       It affects your dexterity (+2).
Jewellery
 c - a ring of see invisible (left claw)
 e - a +6 ring of intelligence
 g - a ring of wizardry
 o - the ring of Ylaocoeg (right claw) {rN+ Will- Dex+5 Slay+3}
   (You found it on level 4 of the Dungeon)

   [ring of positive energy]

   Dex:       It affects your dexterity (+5).
   Slay:      It affects your accuracy & damage with ranged weapons and melee
   (+3).
   rN:        It protects you from negative energy.
   Will:      It decreases your willpower.
 q - a +6 ring of dexterity
 x - a ring of resist corrosion
 A - an amulet of magic regeneration
Wands
 n - a wand of polymorph (7)
 v - a wand of flame (18)
 w - a wand of mindburst (11)
 z - a wand of acid (2)
Scrolls
 f - a scroll of enchant weapon
 k - 2 scrolls of holy word
 u - a scroll of teleportation
 y - a scroll of amnesia
 E - 2 scrolls of blinking
Potions
 a - a potion of brilliance
 b - 2 potions of invisibility
 h - 2 potions of flight
 l - a potion of magic
 m - 4 potions of curing
 p - a potion of resistance
 r - 3 potions of might
 D - a potion of berserk rage {unknown}


   Skills:
 + Level 8.4 Fighting
 - Level 1.9 Dodging
 * Level 13.4 Unarmed Combat
 - Level 8.2 Invocations


You had 10 spell levels left.
You didn't know any spells.
Your spell library contained the following spells:

 Spells                   Type           Power      Damage    Failure   Level
 Beastly Appendage        Tmut           0%         N/A       38%         1
 Wereblood                Tmut           0%         N/A       52%         2
 Spider Form              Tmut/Pois      0%         N/A       77%         3
 Stone Arrow              Conj/Erth      0%         3d7       77%         3
 Hailstorm                Conj/Ice       0%         3d3       99%         4
 Ice Form                 Ice/Tmut       0%         N/A       99%         4
 Bolt of Magma            Conj/Fire/Erth 0%         4d4       100%        5
 Simulacrum               Ice/Necr       0%         N/A       100%        6
 Shatter                  Erth           0%         3d5*      100%        9


Dungeon Overview and Level Annotations

Branches:
Dungeon (9/15)             Temple (0/1) D:5
   Lair: D:8-11         Orc: D:9-12

Altars:
Ashenzari
Fedhas
Hepliaklqana
Okawaru
Trog
Wu Jian
Xom
Zin

Shops:
D:9 ?

Annotations:
D:9 Joseph


Innate Abilities, Weirdness & Mutations

You are too large for most types of armour.
You have claws for hands.
Your natural rate of healing is unusually fast.
You are covered in fur. (AC +1)
You have tough skin. (AC +1)
Your mind is acute. (Int +2)
You are clumsy. (Dex -2)
Your body sometimes deteriorates upon taking damage.
You frequently scream uncontrollably at your foes.
You sometimes lose the ability to read scrolls when taking damage.


Message History

The freezing wraith is heavily damaged.
The freezing wraith hits you. The freezing wraith freezes you!
You feel threatened and lose the ability to read scrolls!
The freezing wraith hits you!
You closely miss the freezing wraith.
The freezing wraith is heavily damaged.
A killer bee simulacrum comes into view.
The freezing wraith hits you. The freezing wraith freezes you!
The freezing wraith closely misses you.
You closely miss the freezing wraith.
The freezing wraith is heavily damaged.
The freezing wraith misses you. The freezing wraith hits you.
The freezing wraith drains your vigour!
You feel as though you will be slow longer.
You feel much better.
The freezing wraith hits you but does no damage.
The freezing wraith barely misses you. The freezing wraith hits you.
The freezing wraith freezes you!! The freezing wraith closely misses you.
It was a potion of experience.
You feel more experienced!
Your Fighting skill increases to level 8!
Your Unarmed Combat skill increases to level 13!
Your Invocations skill increases to level 8!
Training target 8.0 for Invocations reached!
You have reached level 11!
The freezing wraith hits you. The freezing wraith freezes you!
* * * LOW HITPOINT WARNING * * *
The freezing wraith hits you.
* * * LOW HITPOINT WARNING * * *
The freezing wraith drains your vigour!
You feel as though you will be slow longer.
It was a potion of ambrosia.
You are confused.
You feel invigorated. The freezing wraith hits you!
* * * LOW HITPOINT WARNING * * *
The freezing wraith freezes you!!
* * * LOW HITPOINT WARNING * * *
The freezing wraith barely misses you. x2; The freezing wraith hits you.
You die...
Fedhas appreciates your contribution to the ecosystem.

###..##..................### *
#.....##..###.###..........# *
...##..#.##..##.##.........######
#...##.###.###.#.##............#.
........#.##..###.##...<...<.....
..####...##|###.##.#..†..........
.........#.##,,#Z#.#..)..........
##....#..#.#,,,#W#...............
##...##..#.##,##@#.#.............
....####.##.###)##.#.............
#.....###.##...##.##.............
#####.)###.#####.##.........)....
#..####.###)....##...............
.##..###.####.###................
#####.##.##..)...................
##..#.#.###..##........#.........
#.##.##.##...##........##........


You could see a freezing wraith and a killer bee simulacrum.

Vanquished Creatures
  A hydra (D:9)
  A two-headed ogre (D:9)
  A deep elf pyromancer (D:9)
  Pikel (D:8)
  2 manticores (D:9)
  A troll (D:9)
  Grinder (D:4)
  A hornet (D:7)
  4 vampire mosquitoes (D:7)
  A steam dragon (D:7)
  A water moccasin (D:9)
  2 orc warriors
  3 sky beasts
  4 black bears
  A necrophage (D:5)
  An ogre (D:5)
  4 centaurs
  3 lemures (D:8)
  A phantom (D:7)
  6 scorpions
  2 bullfrogs
  A gnoll sergeant (D:7)
  A wight (D:9)
  5 howler monkeys
  A centaur zombie (D:9)
  A hound (D:5)
  A jelly (D:6)
  4 orc priests
  3 centaur skeletons (D:6)
  Jessica (D:2)
  An iguana (D:7)
  Natasha (thrice) (D:2)
  3 orc wizards
  A howler monkey zombie (D:6)
  Robin (D:2)
  A howler monkey skeleton (D:4)
  7 gnolls
  5 adders
  A shadow imp (D:8)
  2 white imps (D:6)
  A worm (D:2)
  2 dart slugs
  23 orcs
  5 bats
  4 endoplasms
  3 giant cockroaches
  13 hobgoblins
  3 jackals (D:4)
  3 quokkas
  9 ball pythons
  A frilled lizard (D:3)
  12 goblins
  11 kobolds
  3 rats
178 creatures vanquished.

Vanquished Creatures (others)
  A plant (D:1)
1 creature vanquished.

Grand Total: 179 creatures vanquished

Notes
Turn   | Place    | Note
-------+----------+-------------------------------------------
     0 | D:1      | Spaninq the Troll Chaos Knight began the quest for the Orb.
     0 | D:1      | Reached XP level 1. HP: 22/22 MP: 0/0
    53 | D:1      | XOM: silly message
    72 | D:1      | Reached XP level 2. HP: 29/29 MP: 1/1
   161 | D:1      | XOM: silly message
   583 | D:2      | Reached XP level 3. HP: 32/36 MP: 2/2
   596 | D:2      | Noticed Jessica
   604 | D:2      | Killed Jessica
   605 | D:2      | Reached skill level 4 in Unarmed Combat
   719 | D:2      | XOM: enchant monster (bad)
   728 | D:2      | Reached XP level 4. HP: 45/45 MP: 3/3
   729 | D:2      | XOM: noise
   796 | D:2      | Noticed Natasha
   814 | D:2      | Killed Natasha
   972 | D:2      | XOM: 4-stop teleportation journey
   972 | D:2      | Noticed Natasha
   977 | D:2      | Killed Natasha
   978 | D:2      | Reached skill level 5 in Unarmed Combat
   978 | D:2      | Reached XP level 5. HP: 51/53 MP: 4/4
  1018 | D:2      | Found a faded altar of an unknown god.
  1035 | D:2      | XOM: cloud trail
  1044 | D:2      | Fell from the grace of Xom
  1044 | D:2      | Became a worshipper of Fedhas Madash
  1044 | D:2      | Reached * piety under Fedhas
  1057 | D:2      | Noticed Robin
  1064 | D:2      | Killed Robin
  1095 | D:2      | Noticed Natasha
  1101 | D:2      | Killed Natasha
  1609 | D:3      | XOM: 2-stop teleportation journey
  1739 | D:3      | XOM: give mutations
  1739 | D:3      | Gained mutation: You occasionally shout uncontrollably at
                  | your foes. [Xom's mischief]
  1739 | D:3      | Gained mutation: Your mind is acute. (Int +2) [Xom's
                  | mischief]
  1739 | D:3      | Gained mutation: Your body sometimes deteriorates upon
                  | taking damage. [Xom's mischief]
  1739 | D:3      | Gained mutation: You frequently scream uncontrollably at
                  | your foes. [Xom's mischief]
  1881 | D:3      | Reached ** piety under Fedhas
  2030 | D:3      | Found an iron altar of Okawaru.
  2031 | D:3      | Found a bloodstained altar of Trog.
  2032 | D:3      | Found a blossoming altar of Fedhas.
  2032 | D:3      | Found a glowing silver altar of Zin.
  2129 | D:3      | XOM: give mutations
  2129 | D:3      | Gained mutation: You sometimes lose the ability to read
                  | scrolls when taking damage. [Xom's mischief]
  2129 | D:3      | Gained mutation: You are clumsy. (Dex -2) [Xom's mischief]
  2339 | D:4      | XOM: stat loss: -2 Dex (5/7)
  2686 | D:4      | Identified the ring of Ylaocoeg {rN+ Will- Dex+5 Slay+3}
  2742 | D:4      | You fall into a shaft and drop 1 floor!
  2742 | D:5      | Entered Level 5 of the Dungeon
  2765 | D:5      | Reached XP level 6. HP: 47/62 MP: 5/5
  2797 | D:5      | Reached skill level 1 in Invocations
  2815 | D:5      | Reached skill level 6 in Unarmed Combat
  2841 | D:4      | Noticed Grinder
  2853 | D:4      | Paralysed by Grinder for 2 turns
  2857 | D:4      | Paralysed by Grinder for 5 turns
  2875 | D:4      | Paralysed by Grinder for 5 turns
  2883 | D:4      | Killed Grinder
  2884 | D:4      | Reached XP level 7. HP: 27/70 MP: 7/7
  3135 | D:4      | Reached skill level 7 in Unarmed Combat
  3313 | D:4      | XOM: summons 3 hostile demons
  3346 | D:5      | Found a shimmering altar of Xom.
  3347 | D:5      | Found a hazy altar of Hepliaklqana.
  3348 | D:5      | Noticed a spectral ugly thing
  3404 | D:5      | XOM: noise
  3525 | D:5      | Reached *** piety under Fedhas
  3568 | D:5      | Reached XP level 8. HP: 79/79 MP: 9/9
  3586 | D:5      | Reached skill level 8 in Unarmed Combat
  3609 | D:5      | Reached skill level 5 in Fighting
  3647 | D:5      | Found a staircase to the Ecumenical Temple.
  4073 | D:6      | Reached skill level 9 in Unarmed Combat
  4215 | D:6      | XOM: noise
  4240 | D:6      | XOM: noise
  4378 | D:6      | Reached XP level 9. HP: 88/88 MP: 11/11
  4724 | D:7      | Identified the +2 robe of Erril {Dex+2}
  4837 | D:7      | Paralysed by a hornet for 3 turns
  4871 | D:7      | XOM: 1-stop teleportation journey
  4896 | D:7      | Reached skill level 5 in Invocations
  4909 | D:7      | Reached skill level 10 in Unarmed Combat
  4912 | D:7      | Reached **** piety under Fedhas
  5389 | D:8      | Noticed Pikel
  5405 | D:8      | Killed Pikel
  5481 | D:8      | Reached XP level 10. HP: 100/100 MP: 13/13
  5594 | D:8      | Found a broken altar of Ashenzari.
  5891 | D:8      | Reached skill level 11 in Unarmed Combat
  6058 | D:9      | Found Zaffu's Magic Scroll Shoppe.
  6066 | D:9      | Bought a scroll of identify for 22 gold pieces
  6066 | D:9      | Bought a scroll of blinking for 82 gold pieces
  6066 | D:9      | Bought a scroll of identify for 22 gold pieces
  6066 | D:9      | Bought a scroll of identify for 22 gold pieces
  6111 | D:9      | Noticed a two-headed ogre
  6120 | D:9      | Killed a two-headed ogre
  6217 | D:9      | Noticed a manticore
  6221 | D:9      | Killed a manticore
  6227 | D:9      | Found an ornate altar of the Wu Jian Council.
  6270 | D:9      | XOM: noise
  6305 | D:9      | Noticed Joseph
  6580 | D:9      | Noticed a six-headed hydra
  6587 | D:9      | Killed an 11-headed hydra
  6665 | D:9      | Noticed a deep elf pyromancer
  6668 | D:9      | Noticed a manticore
  6675 | D:9      | Killed a deep elf pyromancer
  6676 | D:9      | Reached skill level 12 in Unarmed Combat
  6679 | D:9      | Killed a manticore
  6767 | D:9      | Identified the +2 leather armour of the Eternal Fruit {rC++
                  | rCorr MP-9 SInv}
  6836 | D:9      | Reached skill level 13 in Unarmed Combat
  6836 | D:9      | Reached XP level 11. HP: 41/113 MP: 14/16
  6837 | D:9      | HP: 2/113 [freezing wraith (20)]
  6837 | D:9      | Slain by a freezing wraith

Illustrated notes

Levels and vault maps discovered:
D:1:      evilmike_arrival_plus, layout_basic, serial_forest,
          infiniplex_forest_clump_small, infiniplex_forest_straight_2,
          infiniplex_forest_clump_medium, infiniplex_forest_corner_1,
          infiniplex_forest_clump_small, infiniplex_forest_clump_small,
          infiniplex_forest_lined_2, infiniplex_forest_corner_1
D:2:      layout_basic, basic_ecumenical_altar, uniq_robin, uniq_natasha,
          uniq_jessica
D:3:      layout_rooms, mainiacjoe_overflow_alcove_3, chequers_avenue,
          st_stairs_6, nrook_loot_triangle
D:4:      black_bear_nest_2, layout_basic, chequers_serial_rivers_marsh,
          minmay_stone_trees_small, uniq_grinder
D:5:      layout_basic, regret_index_temple_of_mockery,
          minmay_temple_entry_enclosed_plants
D:6:      layout_basic, minmay_misc_feat_ornament, kennysheep_generic_room_15
D:7:      layout_rooms, serial_park_tiny_1, kennysheep_potato
D:8:      layout_basic, nicolae_ashenzari_skybound, uniq_pikel
D:9:      minmay_the_grid_octo_triangle [minmay_the_grid_octo_tetromino_candy,
          minmay_the_grid_octo_prize_single_spiral,
          minmay_the_grid_octo_fan_narrow], layout_rooms,
          nicolae_wu_jian_wuxing_cycle, nicolae_tso_carved_into_rock,
          serial_shops, shop_fountains, uniq_joseph

Skill      XL: |  1  2  3  4  5  6  7  8  9 10 |
---------------+-------------------------------+-----
Fighting       | 3 4 5 6 8 |  8.4
Unarmed Combat | 4 5 6 7 9 10 13 | 13.4
Invocations    | 2 3 4 5 8 |  8.2
Dodging        | |  1.9

Action                   |  1- 3 |  4- 6 |  7- 9 | 10-12 || total
-------------------------+-------+-------+-------+-------++-------
Melee: Unarmed           |    63 |   201 |   208 |    60 ||   532
       Punch             |     1 |     2 |    12 |    10 ||    25
  Use: Scroll            |       |     2 |    13 |     9 ||    24
       Potion            |       |       |       |     3 ||     3
 Stab: Sleeping          |     1 |       |       |       ||     1
Armor: Robe              |    19 |    84 |    74 |    28 ||   205
Dodge: Dodged            |    23 |    93 |    87 |    38 ||   241

Table legend: (Time is in decaauts)
 A = Elapsed time spent in this place.
 B = Non-inter-level travel time spent in this place.
 C = Inter-level travel time spent in this place.
 D = Time resting spent in this place.
 E = Time spent auto-exploring this place.
 F = Levels seen in this place.
 G = Mean time per level.
                   A        B        C        D        E       F      G
               +--------+--------+--------+--------+--------+-----+--------+
         Total |   6801 |   6413 |    388 |    321 |   4711 |   9 |  755.7 |
       Dungeon |   6801 |   6413 |    388 |    321 |   4711 |   9 |  755.7 |
               +--------+--------+--------+--------+--------+-----+--------+

Top non-repeatable levels by time:
     D:4: 1123 daAuts
     D:2: 1009 daAuts
     D:9: 838 daAuts
     D:6: 784 daAuts
     D:7: 664 daAuts
     D:5: 648 daAuts
     D:8: 598 daAuts
     D:3: 578 daAuts
     D:1: 555 daAuts
